 Dungeon Crawl Stone Soup version 0.30.0-29-ga12c61a403 (webtiles) character file.

Game seed: 3602061948312646277

489 cheesebisquit the Ruffian (level 6, -1/52 HPs)
             Began as a Draconian Transmuter on June 9, 2023.
             Succumbed to Eustachio's poison
             ... on level 4 of the Dungeon.
             The game lasted 00:15:21 (4330 turns).

cheesebisquit the Ruffian (Draconian Transmuter)    Turns: 4330, Time: 00:15:22

Health: -1/52      AC:  2    Str: 12    XL:     6   Next: 90%
Magic:  7/9        EV: 21    Int: 16    God:
Gold:   179        SH:  0    Dex: 22    Spells: 3/9 levels left

rFire   . .          .
                       - Unarmed
rCold   . . .        (shield currently unavailable)
rNeg    . . .        (body armour unavailable)
rPois   x            (helmet currently unavailable)
rElec   .            (cloak currently unavailable)
rCorr   +            d - melded +0 pair of gloves
SInv    .            (boots currently unavailable)
Will    .....        e - amulet of regeneration
Stlth   ++           t - +6 ring of dexterity
HPRegen 1.08/turn    n - ring of resist corrosion
MPRegen 0.11/turn

%: no passive effects
@: lethally poisoned (-1 -> -39), spider-form (expiring)
A: venomous fangs, AC +6, tiny, unfitting armour, (cold-blooded)
a: End Transformation


You were on level 4 of the Dungeon.
You were a venomous arachnid creature.
You visited 1 branch of the dungeon, and saw 4 of its levels.

You collected 179 gold pieces.

Inventory:

Hand Weapons
 m - a +1 hand axe of electrocution
Missiles
 c - 6 poisoned darts
 u - 6 javelins
Armour
 d - a +0 pair of gloves (melded)
Jewellery
 e - an amulet of regeneration (around neck)
 l - a ring of poison resistance
 n - a ring of resist corrosion (right front pincers)
 t - a +6 ring of dexterity (left front pincers)
 v - a ring of ice
Scrolls
 g - 2 scrolls of magic mapping
 k - a scroll of enchant armour {unknown}
 o - a scroll of teleportation {unknown}
 p - a scroll of poison {unknown}
 q - a scroll of vulnerability {unknown}
 r - a scroll of amnesia {unknown}
Potions
 a - a potion of lignification
 b - a potion of invisibility {unknown}
 f - 2 potions of attraction
 h - a potion of curing {unknown}
 j - a potion of mutation {unknown}
 s - 2 potions of haste {unknown}


   Skills:
 + Level 3.8 Fighting
 + Level 3.0 Dodging
 + Level 4.5 Unarmed Combat
 - Level 2.0 Spellcasting
 + Level 3.3 Transmutations
 + Level 3.2 Poison Magic


You had 3 spell levels left.
You knew the following spells:

 Your Spells              Type           Power      Damage    Failure   Level
a - Beastly Appendage     Tmut           24%        N/A       16%         1
b - Spider Form           Tmut/Pois      12%        N/A       34%         3
c - Wereblood             Tmut           12%        N/A       22%         2

Your spell library contained the following spells:

 Spells                   Type           Power      Damage    Failure   Level
 Necrotise                Necr           4%         1d4       41%         1
 Vampiric Draining        Necr           1%         2d6       73%         3
 Ice Form                 Ice/Tmut       6%         N/A       87%         4
 Agony                    Necr           1%         N/A       100%        5


Dungeon Overview and Level Annotations

Branches:
Dungeon (4/15)
 Temple: D:4-7

Altars:
Cheibriados

Annotations:
D:4 Eustachio, Menkaure


Innate Abilities, Weirdness & Mutations

You are a venomous arachnid creature.
You have venomous fangs.
You are tiny and dextrous.
Your spellcasting is less reliable in this form.
Your armour is entirely melded.
You are incapable of wielding weapons or throwing items.
((Your plain brown scales are hard. (AC +6)))
You cannot fit into any form of body armour.
((You are cold-blooded and may be slowed by cold attacks.))


Message History

The orc shouts!
You closely miss Eustachio. Eustachio closely misses you.
You hit Eustachio but do no damage.
Eustachio is poisoned.
A goblin comes into view. It is wielding a +0 club.
Eustachio completely misses you.
You barely miss Eustachio.
Eustachio is lightly wounded.
An orc comes into view. It is wielding a +0 hand axe.
Eustachio hits you with a +2 rapier of venom.
You are poisoned.
You closely miss Eustachio.
Eustachio is lightly wounded.
You feel very sick.
The goblin shouts!
Eustachio hits you with a +2 rapier of venom!
You miss Eustachio.
Eustachio is lightly wounded.
You feel sick.
The orc shouts!
Eustachio hits you with a +2 rapier of venom.
You closely miss Eustachio.
Eustachio is lightly wounded.
You feel sick.
Eustachio hits you with a +2 rapier of venom!
You are lethally poisoned!
* * * LOW HITPOINT WARNING * * *
You feel extremely sick.
You feel much better.
Your transformation is almost over.
You feel extremely sick.
Eustachio hits you with a +2 rapier of venom!
You are lethally poisoned!
* * * LOW HITPOINT WARNING * * *
You feel extremely sick.
Eustachio gestures wildly while chanting.
Eustachio blinks!
Okay, then.
Unknown command.
Okay, then.
You die...

###.#.#..........#
#...#.#...######.#
#.#.#.##.#######'#
#...#.....#.......
###.#.............
#.#.#...#.......
#.#.#.#.........
#)#.#.#.#.#.....
#s....#.#'######
#.#.........
####.#.o.......
#....§oo........
#..#.###g.........
#.##.# #.o.@....
... ..# #........
.## #### #........
# .§.....


You could see Eustachio (poisoned) and an orc.

Vanquished Creatures
  A black bear (D:4)
  A centaur (D:3)
  A phantom (D:3)
  A scorpion (D:4)
  A howler monkey (D:4)
  6 adders
  An ufetubus (D:4)
  A worm (D:3)
  7 dart slugs
  7 orcs (D:4)
  9 ball pythons
  6 endoplasms
  A giant cockroach (D:4)
  3 goblins
  4 hobgoblins (D:3)
  5 jackals
  4 quokkas
  6 bats
  6 kobolds
  4 rats
75 creatures vanquished.

Notes
Turn   | Place    | Note
-------+----------+-------------------------------------------
     0 | D:1      | cheesebisquit the Draconian Transmuter began the quest for
                  | the Orb.
     0 | D:1      | Reached XP level 1. HP: 16/16 MP: 3/3
   183 | D:1      | Reached XP level 2. HP: 18/24 MP: 3/5
  1004 | D:1      | Reached XP level 3. HP: 29/30 MP: 4/6
  1071 | D:1      | Learned a level 3 spell: Spider Form
  1137 | D:2      | Reached skill level 1 in Poison Magic
  1262 | D:2      | Learned a level 2 spell: Wereblood
  1363 | D:2      | Reached XP level 4. HP: 37/37 MP: 3/7
  2758 | D:3      | Noticed a centaur
  2767 | D:3      | Noticed a phantom
  2768 | D:3      | Killed a centaur
  2769 | D:3      | Reached skill level 4 in Unarmed Combat
  2769 | D:3      | Reached XP level 5. HP: 10/45 MP: 4/8
  2799 | D:3      | Killed a phantom
  3072 | D:3      | Reached XP level 6. HP: 51/51 MP: 2/9
  3820 | D:4      | Noticed Menkaure
  4071 | D:4      | Noticed Eustachio
  4228 | D:4      | Found a snail-covered altar of Cheibriados.
  4330 | D:4      | Succumbed to Eustachio's poison

Illustrated notes

Levels and vault maps discovered:
D:1:      tarquinn_simple_flora_water_e, layout_basic
D:2:      layout_loops_ring, minmay_tromino_v4_c
D:3:      layout_loops_corners, minmay_misc_feat_more_columns
D:4:      layout_basic, pf_just_have_faith, uniq_eustachio, uniq_menkaure

Skill      XL: |  1  2  3  4  5  6 |
---------------+-------------------+-----
Fighting       | 2 3 |  3.8
Poison Magic   | 2 3 |  3.2
Dodging        | 2 3 |  3.0
Unarmed Combat | 4 |  4.5
Transmutations | 3 |  3.3
Spellcasting   | |  2.0

Action                     |  1- 3 |  4- 6 || total
---------------------------+-------+-------++-------
  Melee: Unarmed           |    70 |   131 ||   201
         Kick              |    20 |     4 ||    24
         Tailslap          |     4 |     1 ||     5
         Headbutt          |    12 |     2 ||    14
         Punch             |     2 |       ||     2
   Cast: Beastly Appendage |    20 |     3 ||    23
         Spider Form       |     3 |    32 ||    35
    Use: Scroll            |       |     3 ||     3
         Potion            |       |     2 ||     2
 Armour: Skin              |    23 |    19 ||    42
  Dodge: Dodged            |    47 |   111 ||   158
